Cogmind - Beta 11.1 @@@ ROGUE MODE // 2022.06.19 @ 16:48:24 Player: aperiodic Result: Destroyed by Y-72 Warden with Quantum Rifle Performance ------------- Evolutions (8) 4000 Regions Visited (23) 4600 Robots Destroyed (413) 2065 Value Destroyed (15527) 15527 Prototype IDs (52) 1040 Alien Tech Used (0) 0 Bonus (9611) 9611 TOTAL SCORE: 36843 Bonus ------- Triggered High Security 500 High Alert Combat Kills 5423 Follower Combat Kills 3835 Network Hubs Disabled 400 Built Enhanced Grunts 300 A7 Reached Mainframe 300 Met R17 at Cetus 500 Friendly Fire -1647 Cogmind --------- Core Integrity 0/1450 Matter 190/300 Energy 700/700 System Corruption 9% Temperature Cool (9) Movement Core (50) Location -2/Research Parts ------- > --- POWER (1) -------- (None) > --- PROPULSION (6) --- (None) > --- UTILITY (13) ----- Experimental Energy Well Armor Integrity Analyzer Improved Hacking Suite > --- WEAPON (3) ------- (None) > --- INVENTORY (5) ---- Flexi-carbon Leg Experimental Power Amplifier High-powered Tractor Beam Warp Gun Peak State ------------ > --- POWER ------------ Graviton Reactor > --- PROPULSION ------- Centrium Heavy Treads Centrium Heavy Treads > --- UTILITY ---------- High-capacity Storage Unit Energy Well Improved Energy Well Experimental Terrain Scan Processor Experimental Targeting Computer Experimental Targeting Computer Experimental EM Disruption Field Improved Shield Generator Long-range Tractor Beam > --- WEAPON ----------- EMDS Heavy Neutron Cannon > --- INVENTORY -------- Graviton Reactor Graviton Reactor Graviton Reactor Centrium Heavy Treads Centrium Heavy Treads Improved Cooling System Advanced Cooling System Graphene Brace EMDS Advanced KE Penetrator Advanced KE Penetrator Ragnarok Missile Launcher Ragnarok Missile Launcher CR-A16's Behemoth Slayer [Rating: 136] Favorites ----------- Power Light Nuclear Core Engine Cooled Ion Engine Power Core Light Nuclear Core Reactor Quantum Reactor Propulsion Improved Treads Treads Improved Treads Leg Advanced Myomer Leg Wheel Armored Huge Wheel Hover Unit Improved Antigrav System Flight Unit Electron Diverter Utility High-capacity Storage Unit Device Improved Cooling System Storage High-capacity Storage Unit Processor Experimental Targeting Computer Hackware Improved Hacking Suite Protection Heavy Armor Plating Weapon Precision Assault Rifle Energy Gun Plasma Rifle Energy Cannon Nova Cannon Ballistic Gun Precision Assault Rifle Ballistic Cannon Flak Cannon Launcher Ragnarok Missile Launcher Slashing Weapon Ripper Piercing Weapon CR-A16's Behemoth Slayer Build | -11 -10 -10 -9 -9 -8 -8 -7 -7 -7 -7 -6 -6 -6 -6 -6 -6 -6 -6 -5 -4 -3 -3 -2 ------- Run | Scr Mat Min Mat Min Mat Sto Fac Low Low Zio Pro Fac Was Fac Ext Cet Arc Hub Fac Fac Res Tes Res Slots Evolved 16 | . . . 2 . 2 . 2 . . . . 2 . . . . . . 2 2 2 . 2 Power . | . . . . . . . . . . . . . . . . . . . . . . . . Propulsion 4 | . . . . . 1 . 1 . . . . . . . . . . . . . . . 2 Utility 11 | . . . 1 . 1 . 1 . . . . 2 . . . . . . 2 2 2 . . Weapon 1 | . . . 1 . . . . . . . . . . . . . . . . . . . . Parts Attached 377 | 8 9 9 18 . 42 20 14 12 4 3 21 19 1 9 10 19 23 22 58 . 6 41 9 Power 29 | 1 . 3 2 . 7 . . 1 . . 1 4 . . . 1 1 1 2 . . 5 . Engine 5 | 1 . 2 1 . 1 . . . . . . . . . . . . . . . . . . Core 13 | . . 1 1 . 6 . . 1 . . 1 3 . . . . . . . . . . . Reactor 11 | . . . . . . . . . . . . 1 . . . 1 1 1 2 . . 5 . Propulsion 70 | 2 7 3 6 . 11 3 3 1 1 . 1 3 . 1 . 2 1 1 2 . 4 15 3 Treads 42 | . 4 3 4 . 11 2 2 . . . 1 3 . . . 2 1 1 2 . 4 2 . Leg 6 | . . . . . . . . . . . . . . . . . . . . . . 6 . Wheel 13 | 2 3 . 2 . . 1 1 1 1 . . . . 1 . . . . . . . . 1 Hover 2 | . . . . . . . . . . . . . . . . . . . . . . 2 . Flight 7 | . . . . . . . . . . . . . . . . . . . . . . 5 2 Utility 126 | 2 1 2 4 . 13 4 1 4 . . 5 7 1 1 2 6 13 11 32 . 2 12 3 Device 47 | 1 . . . . 5 . 1 1 . . 1 1 1 . . . 7 7 15 . . 7 . Storage 13 | 1 1 . 2 . . . . . . . . 1 . . . . . . 4 . . 4 . Processor 13 | . . . 1 . 1 2 . . . . . 1 . 1 . 1 . 1 2 . . . 3 Hackware 4 | . . . . . 1 . . . . . . . . . . . . . . . 2 1 . Protection 49 | . . 2 1 . 6 2 . 3 . . 4 4 . . 2 5 6 3 11 . . . . Artifact . | . . . . . . . . . . . . . . . . . . . . . . . . Weapon 152 | 3 1 1 6 . 11 13 10 6 3 3 14 5 . 7 8 10 8 9 22 . . 9 3 Energy Gun 5 | . . . . . . . . . . . . . . . . . . . . . . 4 1 Energy Cannon 20 | . . . . . . . . . . . . . . 1 3 1 . 2 9 . . 2 2 Ballistic Gun 89 | 3 1 1 6 . 11 6 6 3 2 1 7 3 . 6 4 7 8 6 7 . . 1 . Ballistic Cannon 2 | . . . . . . 1 . . . . . . . . . . . . . . . 1 . Launcher 25 | . . . . . . 2 1 3 1 1 6 1 . . 1 2 . 1 6 . . . . Special Weapon . | . . . . . . . . . . . . . . . . . . . . . . . . Impact Weapon . | . . . . . . . . . . . . . . . . . . . . . . . . Slashing Weapon 7 | . . . . . . 4 3 . . . . . . . . . . . . . . . . Piercing Weapon 4 | . . . . . . . . . . 1 1 1 . . . . . . . . . 1 . Special Melee Weapon . | . . . . . . . . . . . . . . . . . . . . . . . . Unidentified Prototypes 31 | . . . 1 . 2 1 1 . . . . 2 . 1 . 3 . 3 5 . . 10 2 Corrupted Parts 7 | . . . . . . . . . . . . . . . . 2 4 . . . . 1 . System Corruption 34 | . . . . . . . . . . . . . . . . 5 24 . . . . 5 . Parts Lost 69 | . . 6 2 . 5 . . 3 . . 5 1 . 1 . . . 1 18 . . 21 6 Power 8 | . . 2 . . . . . 1 . . . . . . . . . . 1 . . 4 . Propulsion 16 | . . 2 1 . . . . . . . 1 . . . . . . . 2 . . 6 4 Utility 32 | . . 1 . . 3 . . 2 . . 4 1 . 1 . . . 1 11 . . 6 2 Weapon 13 | . . 1 1 . 2 . . . . . . . . . . . . . 4 . . 5 . Highest Loss Streak 6 | . . 3 1 . 2 . . 3 . . 2 1 . 1 . . . 1 4 . . 6 3 To Critical Strikes 1 | . . 1 . . . . . . . . . . . . . . . . . . . . . Average Slot Usage (%) 84 | . 100 97 98 100 99 94 87 81 84 84 82 83 80 79 80 84 75 77 74 . 8 41 22 Engine 1 | . 14 9 . . 4 . . . . . . . . . . . . . . . . . . Core 5 | . . 3 11 11 4 9 7 6 7 7 7 6 6 6 6 3 . . . . . . . Treads 14 | . 19 27 21 22 26 26 21 9 4 . 5 6 6 6 6 9 13 13 10 . . 4 . Wheel 5 | . 8 . . . . . 3 12 17 23 15 13 13 12 13 6 . . . . . . . Device 3 | . 14 . . . 6 . 7 2 . . . . 4 6 6 4 8 6 7 . . 2 . Storage 8 | . 14 14 11 11 9 9 7 7 7 7 7 6 6 6 6 6 6 6 10 . . 7 5 Processor 7 | . . . 11 11 9 10 7 7 7 7 1 4 6 5 6 13 13 9 12 . . . 4 Protection 11 | . . 13 10 11 9 8 7 10 15 15 20 24 14 13 13 17 14 13 10 . . . . Ballistic Gun 21 | . 28 27 32 33 27 23 21 22 22 23 22 19 20 19 18 16 12 19 10 . . . . Naked Turns 75 | . . . . . . . . . . . . . . . . . . . 27 15 33 . . Heaviest Build 151 | 14 28 38 61 61 70 70 81 95 95 95 95 102 99 101 102 112 106 133 151 . . 26 7 Greatest Support 160 | 26 40 46 46 40 69 66 89 44 54 54 54 44 44 44 44 160 160 160 160 3 30 120 8 Greatest Overweight (x) 4 | 2 1 1 2 1 1 4 2 2 2 1 2 2 2 2 2 2 . . . . . 2 2 Average Overweight (x) . | . . . . 1 . . . 1 1 1 1 2 2 2 1 . . . . . . . . Largest Inventory Capacity 20 | 8 15 15 20 20 20 20 20 20 20 20 20 20 20 20 20 20 20 20 20 5 5 5 5 Average Capacity 18 | 6 14 15 18 20 20 20 20 20 20 20 20 20 20 20 20 20 20 20 19 5 5 5 5 Most Carried 20 | 5 15 15 20 20 20 20 20 20 20 20 20 20 20 20 19 20 20 20 20 4 4 5 5 Average Carried 18 | 2 12 14 16 19 19 19 19 19 19 19 17 19 19 19 19 18 19 19 17 4 4 4 4 Final Capacity 20 | 8 15 15 20 20 20 20 20 20 20 20 20 20 20 20 20 20 20 20 5 5 5 5 5 Final Carried 20 | 5 15 15 20 20 20 20 20 20 20 20 18 20 20 19 19 20 20 20 4 4 4 5 4 Class Distribution -------------------- 36% | Tank 17% | Gunner 12% | Mutant 10% | Commander-Tank 6% | Scavenger-Tank 4% | Commander-Mutant 4% | Commander-Gunner 4% | Hacker-Mutant Dominant Class ---------------- Mutant | -10/Materials Mutant | -10/Mines Gunner | -9/Materials Gunner | -9/Mines Tank | -8/Materials Gunner | -8/Storage Commander-Tank | -7/Factory Tank | -7/Lower Caves Tank | -7/Lower Caves Tank | -7/Zion Tank | -6/Proximity Caves Tank | -6/Factory Tank | -6/Waste Tank | -6/Factory Tank | -6/Extension Commander-Tank | -6/Cetus Commander-Tank | -6/Archives Scavenger-Tank | -6/Hub_04(d) Scavenger-Tank | -5/Factory Mutant | -4/Factory Hacker-Mutant | -3/Research Hacker-Mutant | -3/Testing Mutant | -2/Research Resources | -11 -10 -10 -9 -9 -8 -8 -7 -7 -7 -7 -6 -6 -6 -6 -6 -6 -6 -6 -5 -4 -3 -3 -2 ----------- Run | Scr Mat Min Mat Min Mat Sto Fac Low Low Zio Pro Fac Was Fac Ext Cet Arc Hub Fac Fac Res Tes Res Matter Collected 12563 | 274 246 182 592 50 1683 963 568 371 113 20 635 319 108 411 589 735 442 1033 2369 . 87 773 . Remotely 2308 | . . . . . . . . . . . 255 . . . . . . 457 1596 . . . . Salvage Created 17909 | 84 369 199 1243 87 2154 910 866 286 67 . 729 553 62 719 642 301 360 2524 4750 . . 1004 . Parts 934 | 6 32 16 85 12 112 57 39 12 6 . 26 28 4 30 38 18 31 128 208 . . 46 . Haulers Intercepted 22 | . 2 . 3 . 6 1 2 . . . . 1 . 2 . . . 2 3 . . . . Recyclers Shooed 15 | . . 1 4 . 1 2 2 . . . . . . . . . . . 4 . . 1 . Parts Field Recycled . | . . . . . . . . . . . . . . . . . . . . . . . . Retrieved Matter . | . . . . . . . . . . . . . . . . . . . . . . . . Parts Self-Destructed 34 | . . . . . . . . 9 5 1 19 . . . . . . . . . . . . Prevented 9 | . . . . . . . . 3 . . 6 . . . . . . . . . . . . Kills | -11 -10 -10 -9 -9 -8 -8 -7 -7 -7 -7 -6 -6 -6 -6 -6 -6 -6 -6 -5 -4 -3 -3 -2 ------- Run | Scr Mat Min Mat Min Mat Sto Fac Low Low Zio Pro Fac Was Fac Ext Cet Arc Hub Fac Fac Res Tes Res Combat Hostiles Destroyed 287 | . 9 4 17 6 32 18 8 7 4 . 21 8 . 7 12 4 . 22 93 . . 15 . Melee 4 | . . . . . . . . . . . . . . . . . . . . . . 4 . Guns 187 | . 9 4 17 6 32 15 8 4 1 . 6 2 . 7 10 3 . 22 34 . . 7 . Cannons 10 | . . . . . . . . . . . . . . . . 1 . . 7 . . 2 . AOE 81 | . . . . . . 3 . 3 3 . 15 5 . . 2 . . . 50 . . . . Classes Destroyed 23 | 2 4 2 1 . 2 . 1 1 . . 1 2 1 . . . . 3 3 . . . . Worker 25 | . . 1 1 . 1 4 2 . . . . 2 . 3 . . . 4 7 . . . . Builder 19 | . . . . . . . . . . . . 1 . 1 3 . . 2 12 . . . . Tunneler 5 | 1 . 1 . . 1 . . . . . . . . . . . . . 2 . . . . Hauler 22 | . 2 . 3 . 6 1 2 . . . . 1 . 2 . . . 2 3 . . . . Recycler 19 | 1 . . 3 . . . 4 . . . . 1 . . . . . 4 5 . . 1 . Carrier 1 | . . . . . . . . . . . . . . . . . . . 1 . . . . Mechanic 5 | . . . . . . . . . . . 1 . . . . . . . 4 . . . . Operator 13 | . . . 1 . . . . . . . . 1 . 1 . . 9 1 . . . . . Watcher 21 | . 2 . 5 . 5 2 1 . . . . 2 . . 1 . . 1 2 . . . . Swarmer 54 | . 6 1 3 6 . 3 . 1 3 . 7 4 . 1 3 . . . 12 . . 4 . Cutter 3 | . . . . . . . . . . . . . . . . . . . 3 . . . . Saboteur 4 | . . . . . . . . . . . . . . . . . . . 3 . . 1 . Grunt 111 | . 3 1 8 . 20 6 2 3 . . 6 1 . 3 3 . . 8 39 . . 8 . Brawler 10 | . . . . . 1 . . . . . 2 . . . . 2 . . 5 . . . . Duelist 13 | . . . . . . . . 1 . . 4 . . 1 . . . . 7 . . . . Protector 5 | . . . . . . . . . . . . . . . . . . 2 3 . . . . Sentry 42 | . . 2 6 . 9 9 1 1 . . 1 . . 1 6 . . 4 2 . . . . Demolisher 1 | . . . . . . . . . . . . . . . . . . . 1 . . . . Specialist 4 | . . . . . . . . . . . . . . . . . . 1 3 . . . . Hunter 14 | . . . . . 2 . 2 . 1 . 1 1 . 1 . . . . 6 . . . . Programmer 16 | . . . . . . . 3 1 . . . 1 . . . . . . 9 . . 2 . Heavy 1 | . . . . . . . . . . . . . . . . . . 1 . . . . . Behemoth 1 | . . . . . . . . . . . . 1 . . . . . . . . . . . Cetus Guard 2 | . . . . . . . . . . . . . . . . 2 . . . . . . . Lightning 6 | . . . . . . . . . . . . . . . . . . 6 . . . . . Surgeon 3 | . . . . . . . . . . . . . . 3 . . . . . . . . . Thug 1 | . . . . . . . 1 . . . . . . . . . . . . . . . . Martyr 1 | . . . . . . . . . . . . . 1 . . . . . . . . . . Best Kill Streak 38 | 2 3 1 5 3 5 5 3 3 3 . 12 7 . 5 5 2 6 5 38 . . 5 . Combat Bots Only 14 | . 2 1 5 3 4 3 2 3 3 . 11 5 . 3 3 2 . 5 14 . . 5 . Max Kills in Single Turn 7 | 1 1 1 1 2 2 2 1 1 2 . 4 7 1 7 2 1 1 3 5 . . 1 . Gunslinging 1 | . . . . 1 1 1 . . . . . . . . . . . . 1 . . . . Exploded 5 | . . . . . . 1 . 1 2 . 4 5 . . 2 . . . 5 . . . . Melee 1 | . . . . . . . . . . . . . . . . . . . . . . 1 . Uniques/NPCs Destroyed . | . . . . . . . . . . . . . . . . . . . . . . . . Combat | -11 -10 -10 -9 -9 -8 -8 -7 -7 -7 -7 -6 -6 -6 -6 -6 -6 -6 -6 -5 -4 -3 -3 -2 -------- Run | Scr Mat Min Mat Min Mat Sto Fac Low Low Zio Pro Fac Was Fac Ext Cet Arc Hub Fac Fac Res Tes Res Damage Taken 22690 | . 434 636 578 98 1438 550 498 394 39 . 1392 192 . 403 908 348 25 2129 6432 . 108 4032 2056 Core 4222 | . 138 70 67 . 117 44 12 32 9 . 23 . . . 41 14 . 213 862 . 76 1053 1451 Absorbed by Shields 1750 | . . . . . 454 . 184 88 . . . . . . 92 280 . . 573 . . 79 . Reduced by Siege Mode 187 | . . . . . . . . . . . . . . . . . . 49 138 . . . . Redirected to Shielding 124 | . . . . . . . . . . . . . . . . . . . 124 . . . . Regen/Repaired (Parts) 942 | . . . 95 . 299 198 127 . . . . 71 . 152 . . . . . . . . . Core Remaining (%) 61 | 100 . 16 . 83 . 70 . . . . 89 . . . . . . 68 13 100 . 13 . Volleys Fired 879 | 9 57 40 59 6 115 44 45 17 4 . 37 14 8 31 66 38 13 73 139 . . 54 10 Largest 3 | 2 2 2 3 3 3 3 3 3 3 . 3 3 2 3 3 3 3 3 3 . . 2 1 Hottest 148 | 40 40 43 69 69 73 73 84 84 84 . 95 84 56 113 113 148 105 113 113 . . 145 120 Shots Fired 2061 | 18 114 57 162 18 344 120 135 36 8 . 71 40 16 85 147 105 39 211 271 . . 55 9 Gun 1907 | 18 114 57 162 18 344 115 135 29 6 . 50 39 16 81 121 98 39 208 208 . . 48 1 Cannon 82 | . . . . . . 1 . . . . . . . 4 25 3 . 1 33 . . 7 8 Launcher 72 | . . . . . . 4 . 7 2 . 21 1 . . 1 4 . 2 30 . . . . Special . | . . . . . . . . . . . . . . . . . . . . . . . . Kinetic 1891 | 18 114 57 162 18 344 116 135 29 6 . 50 39 16 81 121 98 39 208 208 . . 32 . Thermal 74 | . . . . . . . . . . . . . . 4 25 3 . 1 16 . . 16 9 Explosive 58 | . . . . . . 4 . 3 2 . 15 1 . . 1 . . 2 30 . . . . Electromagnetic 38 | . . . . . . . . 4 . . 6 . . . . 4 . . 17 . . 7 . Robot Hit Streak 50 | 3 10 9 26 7 15 25 26 10 17 . 18 6 14 10 39 14 16 20 50 . . 15 9 Robot Miss Streak 6 | 3 6 3 3 2 5 2 3 1 . . 3 3 1 2 5 3 2 5 2 . . 2 . Penetration Max 1 | . . . . . . . . . . . . . . . . 1 1 1 1 . . 1 . Secondary Targets 36 | . 1 . . 2 9 1 2 1 . . . . . 1 2 1 . 4 12 . . . . Max Gunslinging Chain 2 | . 1 . . 1 1 1 1 1 . . . . . 1 1 1 . 1 2 . . . . Shots Hit Robots 1489 | 10 65 41 120 14 242 90 98 25 7 . 51 29 15 58 101 83 26 132 217 . . 64 1 Core Hits 775 | 5 27 14 52 6 96 42 38 14 5 . 53 15 4 26 32 37 14 66 204 . . 25 . Critical Kills 38 | . . . 1 . 2 . . . . . . . . . 1 . 6 12 15 . . 1 . Critical Parts Destroyed 44 | . . 1 . . . 1 . . . . . . . . 2 3 3 12 19 . . 3 . Critical Strikes 100 | . . 1 1 . 3 2 . . . . . . . . 3 3 9 25 40 . . 13 . Destroy 88 | . . 1 1 . 3 1 . . . . . . . . 3 3 9 25 38 . . 4 . Corrupt 3 | . . . . . . . . . . . . . . . . . . . 2 . . 1 . Sever 1 | . . . . . . 1 . . . . . . . . . . . . . . . . . Impale 8 | . . . . . . . . . . . . . . . . . . . . . . 8 . Melee Attacks 65 | . . . . . . 15 5 . . 1 2 2 . . . . . . . . . 40 . Impact . | . . . . . . . . . . . . . . . . . . . . . . . . Slashing 20 | . . . . . . 15 5 . . . . . . . . . . . . . . . . Piercing 45 | . . . . . . . . . . 1 2 2 . . . . . . . . . 40 . Sneak Attacks 4 | . . . . . . 1 . . . . . . . . . . . . . . . 3 . Combat Hostiles . | . . . . . . . . . . . . . . . . . . . . . . . . Follow-up Attacks . | . . . . . . . . . . . . . . . . . . . . . . . . Damage Inflicted 50497 | 105 598 395 1507 227 3793 1942 1768 828 388 . 2909 1582 308 2041 2458 1967 793 4150 20430 . 5 2277 26 Guns 28111 | 105 572 382 1471 196 3674 1484 1755 469 79 . 726 587 308 1199 2095 1692 792 3768 5737 . . 994 26 Cannons 2043 | . . . . . . . . . . . . . . . 118 78 . . 1427 . . 420 . Explosions 18928 | . . . . . . 314 . 359 309 . 2115 962 . 842 245 197 . 350 13235 . . . . Melee 995 | . . . . . . 58 . . . . 68 33 . . . . . . . . . 836 . Ramming 420 | . 26 13 36 31 119 86 13 . . . . . . . . . 1 32 31 . 5 27 . Kinetic 27816 | 105 572 382 1471 196 3674 1484 1755 469 79 . 726 587 308 1199 2095 1692 792 3768 5737 . . 725 . Thermal 2792 | . . . . . . . . . . . . 599 . 842 118 78 . . 860 . . 269 26 Explosive 15882 | . . . . . . 314 . 237 309 . 1823 322 . . 245 . . 100 12532 . . . . Electromagnetic 2592 | . . . . . . . . 122 . . 292 41 . . . 197 . 250 1270 . . 420 . Impact . | . . . . . . . . . . . . . . . . . . . . . . . . Slashing 58 | . . . . . . 58 . . . . . . . . . . . . . . . . . Piercing 937 | . . . . . . . . . . . 68 33 . . . . . . . . . 836 . Highest Corruption 34 | . 2 8 . . . 1 1 4 4 4 . . . . 5 10 34 2 6 . . 16 9 Average Corruption 4 | . 2 7 . . . 1 1 3 4 4 . . . . 5 6 12 1 2 . . 9 4 Corruption Purged 34 | . . . . . . . . . . . . . . . . . 34 . . . . . . Corruption Blocked . | . . . . . . . . . . . . . . . . . . . . . . . . Effects 209 | . 1 39 . . . 15 6 19 13 1 . . . . 8 40 20 1 14 . . 27 5 Message Errors 40 | . . 7 . . . 4 3 2 1 . . . . . 2 8 4 1 2 . . 6 . Matter Fused 59 | . . 12 . . . 5 1 5 1 . . . . . . 16 7 . 4 . . 6 2 Heat Flow Errors 26 | . . 5 . . . 1 . 3 4 1 . . . . 1 5 3 . 2 . . 1 . Energy Discharges 27 | . . 7 . . . 2 . 1 3 . . . . . 2 3 2 . 2 . . 5 . Parts Rejected 2 | . . . . . . . . . . . . . . . . . . . . . . 1 1 Data Loss (minor) 26 | . . 6 . . . 1 2 1 2 . . . . . 2 3 3 . 2 . . 4 . Data Loss (major) 10 | . . . . . . . . 3 2 . . . . . . . 1 . 1 . . 2 1 Misfires 7 | . . . . . . . . 2 . . . . . . 1 3 . . . . . 1 . Alerts 7 | . 1 1 . . . 2 . 2 . . . . . . . 1 . . . . . . . Weapon Failures 5 | . . 1 . . . . . . . . . . . . . 1 . . 1 . . 1 1 Overload Shots . | . . . . . . . . . . . . . . . . . . . . . . . . Overflow Damage 1805 | . . . . . 3 . . 54 13 . . 220 . 134 69 . . 12 1069 . . 231 . Projectiles 123 | . . . . . . . . . . . . . . . 37 . . . 38 . . 48 . Explosions 1484 | . . . . . . . . 54 13 . . 220 . 134 32 . . . 1031 . . . . Melee 198 | . . . . . 3 . . . . . . . . . . . . 12 . . . 183 . Knockbacks 3 | . . . . . 1 . . . . . . . . . . . . 1 . . . 1 . Impact 3 | . . . . . 1 . . . . . . . . . . . . 1 . . . 1 . Kinetic . | . . . . . . . . . . . . . . . . . . . . . . . . Secondary . | . . . . . . . . . . . . . . . . . . . . . . . . Self-Inflicted Damage 145 | . . . . . . . . 21 . . 67 . . 35 . . . 10 1 . 2 9 . Shots 7 | . . . . . . . . 3 . . 2 . . 1 . . . 1 . . . . . Rammed 55 | . 4 5 6 4 13 6 3 . . . . . . . . . 1 1 5 . 1 6 . Targets Rammed 62 | . 4 6 7 4 14 8 3 . . . . . . . . . 1 1 5 . 1 8 . Kicked 2 | . . . . . . . . . . . . . . . . . . . . . . 2 . Crushed 5 | . . 1 1 . 1 2 . . . . . . . . . . . . . . . . . Highest Temperature 269 | . 36 263 126 45 171 262 84 191 215 225 78 110 . 66 260 216 269 60 210 . . 184 196 Average Temperature 49 | . 17 82 33 24 30 87 28 64 73 113 27 34 . 31 88 49 94 17 36 . . 53 105 Received Heat Transfer 4262 | . 141 125 195 . 685 162 36 67 . . 237 24 . 81 256 20 . 358 978 . 18 807 72 Siege Activations 10 | . . . . . . . . . . . . . . . . . . 4 6 . . . . Total Turns 224 | . . . . . . . . . . . . . . . . . . 116 108 . . . . Longest Duration 42 | . . . . . . . . . . . . . . . . . . 39 42 . . . . Robots Corrupted 4 | . . . . . . . . . . . . . . . . . . . 2 . . 2 . Combat Hostiles 4 | . . . . . . . . . . . . . . . . . . . 2 . . 2 . Parts Fried 15 | . . 1 . . . . . . . . . 1 . . . . . 4 5 . . 4 . Impact Corruptions 2 | . . . . . 1 . . . . . . . . . . . . 1 . . . . . Robots Melted . | . . . . . . . . . . . . . . . . . . . . . . . . Combat Hostiles . | . . . . . . . . . . . . . . . . . . . . . . . . Parts Melted 4 | . . . . . . . . . . . . . . . 1 . . 1 . . . 2 . Heat Transferred 2033 | . . . . . . . . . . . . 350 . 600 111 74 . . 350 . . 511 37 Parts Sabotaged 3 | . . . . . . . . . . . . . . . . . . . 3 . . . . Parts Stolen . | . . . . . . . . . . . . . . . . . . . . . . . . Parts Stripped . | . . . . . . . . . . . . . . . . . . . . . . . . Power Chain Reactions 1 | . . . . . . . . . . . . . . . . . . . 1 . . . . Missiles Intercepted . | . . . . . . . . . . . . . . . . . . . . . . . . Alert | -11 -10 -10 -9 -9 -8 -8 -7 -7 -7 -7 -6 -6 -6 -6 -6 -6 -6 -6 -5 -4 -3 -3 -2 ------- Run | Scr Mat Min Mat Min Mat Sto Fac Low Low Zio Pro Fac Was Fac Ext Cet Arc Hub Fac Fac Res Tes Res Peak Influence 3369 | 10 260 61 309 115 443 553 451 . . . . 362 . 636 363 1295 798 1310 3369 1650 974 692 563 Initial 1650 | . 6 56 . 45 . 168 81 . . . . 66 . . 266 203 518 209 641 1650 866 547 321 Average 387 | 2 120 24 142 42 261 262 218 . . . . 100 . 227 153 709 679 899 1658 1650 928 583 404 Maximum Alert Level 5 | . 1 . 1 . 2 2 2 . . . . 1 . 2 1 4 3 4 5 5 3 2 2 Low Security (%) 44 | 100 82 100 78 100 34 33 39 . . . . 88 100 58 63 . . . . . . . . Level 1 23 | . 17 . 21 . 45 49 59 . . . . 11 . 10 36 6 . 4 . . . . 48 Level 2 17 | . . . . . 20 16 1 . . . . . . 30 . 43 58 9 28 . . 100 51 Level 3 8 | . . . . . . . . . . . . . . . . 41 41 63 7 . 100 . . Level 4 1 | . . . . . . . . . . . . . . . . 7 . 22 6 . . . . Level 5 2 | . . . . . . . . . . . . . . . . . . . 27 100 . . . High Security 2 | . . . . . . . . . . . . . . . . . . . 30 . . . . Max Security . | . . . . . . . . . . . . . . . . . . . . . . . . Squads Dispatched 80 | . 2 . 2 . 3 2 9 . . . 1 3 . 6 1 . . 12 30 . . 4 5 Investigation 14 | . 1 . 1 . 2 1 3 . . . . 1 . 1 1 . . 1 . . . 1 1 Extermination 10 | . . . . . . . 4 . . . . 1 . 1 . . . 1 1 . . 1 1 Reinforcement 25 | . 1 . 1 . 1 1 . . . . . 1 . 4 . . . 6 6 . . 1 3 Assault 22 | . . . . . . . . . . . 1 . . . . . . 2 18 . . 1 . Garrison 9 | . . . . . . . 2 . . . . . . . . . . 2 5 . . . . Intercept . | . . . . . . . . . . . . . . . . . . . . . . . . Searches Triggered 1 | . . . . . . . . . . . . . . . . . . . . . . . 1 Construction Impeded 5 | . . . . . . 1 . . . . . 1 . . . . . 1 2 . . . . Haulers Reinforced 2 | . . . . . . . . . . . . . . 1 . . . 1 . . . . . Active Scanning Responses . | . . . . . . . . . . . . . . . . . . . . . . . . Cargo Convoy Interrupts 1 | . . . . . . . . . . . . . . . . . . . 1 . . . . Stealth | -11 -10 -10 -9 -9 -8 -8 -7 -7 -7 -7 -6 -6 -6 -6 -6 -6 -6 -6 -5 -4 -3 -3 -2 --------- Run | Scr Mat Min Mat Min Mat Sto Fac Low Low Zio Pro Fac Was Fac Ext Cet Arc Hub Fac Fac Res Tes Res Distress Signals 27 | . 2 . 2 . 2 1 . . . . . . . 2 3 2 . 2 4 . 1 2 4 Communications Jammed . | . . . . . . . . . . . . . . . . . . . . . . . . Distress Signals . | . . . . . . . . . . . . . . . . . . . . . . . . Times Spotted 577 | . 17 24 24 6 49 29 22 8 4 . 26 13 1 19 23 34 7 43 150 . 3 39 36 Peak Tracking Total 20 | . 5 20 7 3 6 5 3 3 3 . 8 5 1 3 5 5 1 7 17 . 4 13 20 Tactical Retreats 28 | . 1 . 1 . 4 1 . 1 . . 2 . . . . 1 . 3 2 . . 5 7 Traps | -11 -10 -10 -9 -9 -8 -8 -7 -7 -7 -7 -6 -6 -6 -6 -6 -6 -6 -6 -5 -4 -3 -3 -2 ------- Run | Scr Mat Min Mat Min Mat Sto Fac Low Low Zio Pro Fac Was Fac Ext Cet Arc Hub Fac Fac Res Tes Res Traps Triggered 17 | . 1 . 1 . 1 1 1 . . . . 1 . 1 3 . . 2 1 . . 2 2 Indirectly . | . . . . . . . . . . . . . . . . . . . . . . . . Trap Hack Attempts . | . . . . . . . . . . . . . . . . . . . . . . . . Triggered . | . . . . . . . . . . . . . . . . . . . . . . . . Disarmed 6 | . . . . . . . . . . . . . . . 6 . . . . . . . . Reprogrammed . | . . . . . . . . . . . . . . . . . . . . . . . . Reused . | . . . . . . . . . . . . . . . . . . . . . . . . Traps Extracted . | . . . . . . . . . . . . . . . . . . . . . . . . Installed . | . . . . . . . . . . . . . . . . . . . . . . . . Triggered . | . . . . . . . . . . . . . . . . . . . . . . . . Machines | -11 -10 -10 -9 -9 -8 -8 -7 -7 -7 -7 -6 -6 -6 -6 -6 -6 -6 -6 -5 -4 -3 -3 -2 ---------- Run | Scr Mat Min Mat Min Mat Sto Fac Low Low Zio Pro Fac Was Fac Ext Cet Arc Hub Fac Fac Res Tes Res Machines Disabled 52 | . . . . . . 2 . . . . . 6 . 8 1 3 3 5 21 . . 3 . Max in Single Turn 8 | . . . . . . 1 . . . . . 5 . 8 1 1 1 2 5 . . 1 . Garrison Access 5 | . . . . . 1 . . . . . . 1 . . . . . 1 1 . . 1 . Network Hub 2 | . . . . . . . . . . . . . . . . . . 2 . . . . . Machines Sabotaged . | . . . . . . . . . . . . . . . . . . . . . . . . Garrisons Compromised . | . . . . . . . . . . . . . . . . . . . . . . . . Overloaded Fab Kills . | . . . . . . . . . . . . . . . . . . . . . . . . Hacking | -11 -10 -10 -9 -9 -8 -8 -7 -7 -7 -7 -6 -6 -6 -6 -6 -6 -6 -6 -5 -4 -3 -3 -2 --------- Run | Scr Mat Min Mat Min Mat Sto Fac Low Low Zio Pro Fac Was Fac Ext Cet Arc Hub Fac Fac Res Tes Res Machines Accessed 90 | . 5 . 4 1 11 14 6 2 1 . . 10 . 7 12 1 . 3 2 . 6 2 3 Terminals 66 | . 5 . 2 1 9 13 2 1 . . . 5 . 4 11 1 . 3 2 . 4 1 2 Fabricators 8 | . . . . . . . 3 . . . . 2 . 1 . . . . . . 1 . 1 Repair Stations 9 | . . . 1 . 1 1 1 . . . . 2 . 2 1 . . . . . . . . Recycling Units 2 | . . . 1 . . . . . . . . . . . . . . . . . 1 . . Scanalyzers . | . . . . . . . . . . . . . . . . . . . . . . . . Garrison Access 3 | . . . . . 1 . . . . . . 1 . . . . . . . . . 1 . Total Hacks 252 | . 13 . 9 2 35 43 13 2 1 . . 26 . 23 26 1 . 5 7 . 26 6 14 Successful 125 | . 6 . 5 . 17 27 7 2 1 . . 15 . 8 13 . . 1 1 . 12 1 9 Failed 126 | . 7 . 4 2 18 15 6 . . . . 11 . 15 13 1 . 4 6 . 14 5 5 Catastrophic 19 | . 1 . 1 . 3 . 2 . . . . 2 . 1 3 . . 1 1 . 2 1 1 Database Lockouts 1 | . . . . . . 1 . . . . . . . . . . . . . . . . . Manual 105 | . 8 . 7 2 17 21 8 1 . . . 10 . 10 3 1 . 1 . . 9 . 7 Terminals 193 | . 13 . 5 2 28 38 5 1 . . . 13 . 14 24 1 . 5 7 . 20 5 12 Fabricators 19 | . . . . . . . 5 . . . . 7 . 2 . . . . . . 3 . 2 Repair Stations 30 | . . . 2 . 6 5 3 . . . . 5 . 7 2 . . . . . . . . Recycling Units 5 | . . . 2 . . . . . . . . . . . . . . . . . 3 . . Scanalyzers . | . . . . . . . . . . . . . . . . . . . . . . . . Garrison Access 3 | . . . . . 1 . . . . . . 1 . . . . . . . . . 1 . Terminal Hacks 68 | . 4 . . . 7 17 1 2 1 . . 6 . 5 11 . . 1 1 . 7 . 5 Record 1 | . . . . . . . . 1 . . . . . . . . . . . . . . . Part Schematic 1 | . . . . . . . . . . . . . . . . . . . . . 1 . . Robot Analysis 9 | . . . . . 1 2 . . . . . 2 . 2 . . . . 1 . 1 . . Prototype ID Bank 12 | . 2 . . . 3 3 . . . . . 1 . 1 . . . . . . 2 . . Open Door 13 | . . . . . . 4 . 1 1 . . . . 1 6 . . . . . . . . Level Access Points 1 | . . . . . . . . . . . . . . . . . . . . . . . 1 Branch Access Points 5 | . . . . . 1 . 1 . . . . . . 1 . . . . . . 1 . 1 Machine Index 1 | . . . . . . . . . . . . 1 . . . . . . . . . . . Terminal Index 4 | . 1 . . . 1 1 . . . . . . . . . . . . . . 1 . . Alert Level 3 | . 1 . . . . 1 . . . . . . . . . . . . . . 1 . . Unreport Threat 6 | . . . . . . 2 . . . . . 1 . . 2 . . . . . . . 1 Locate Traps 6 | . . . . . 1 1 . . . . . . . . 1 . . 1 . . . . 2 Disarm Traps 2 | . . . . . . . . . . . . . . . 2 . . . . . . . . Hauler Manifests 3 | . . . . . . 2 . . . . . 1 . . . . . . . . . . . Zone Layout 1 | . . . . . . 1 . . . . . . . . . . . . . . . . . Fabricator Hacks 3 | . . . . . . . . . . . . 2 . . . . . . . . . . 1 Load Schematic 1 | . . . . . . . . . . . . 1 . . . . . . . . . . . Build 2 | . . . . . . . . . . . . 1 . . . . . . . . . . 1 Repair Station Hacks 21 | . . . 2 . 6 4 2 . . . . 3 . 3 1 . . . . . . . . Scan Component 12 | . . . 1 . 3 2 1 . . . . 2 . 2 1 . . . . . . . . Repair 9 | . . . 1 . 3 2 1 . . . . 1 . 1 . . . . . . . . . Recycling Unit Hacks . | . . . . . . . . . . . . . . . . . . . . . . . . Scanalyzer . | . . . . . . . . . . . . . . . . . . . . . . . . Garrison Access Hacks 3 | . . . . . 1 . . . . . . 1 . . . . . . . . . 1 . Seal Access 3 | . . . . . 1 . . . . . . 1 . . . . . . . . . 1 . Unauthorized Hacks 30 | . 2 . 3 . 3 6 4 . . . . 3 . . 1 . . . . . 5 . 3 Terminals 22 | . 2 . 2 . 3 6 1 . . . . 2 . . 1 . . . . . 3 . 2 Assimilate 3 | . . . . . . 1 1 . . . . . . . . . . . . . . . 1 Botnet 11 | . 1 . . . 1 4 . . . . . 2 . . 1 . . . . . 2 . . Disrupt 4 | . . . 1 . 1 . . . . . . . . . . . . . . . 1 . 1 Operators 4 | . 1 . 1 . 1 1 . . . . . . . . . . . . . . . . . Fabricators 7 | . . . . . . . 3 . . . . 1 . . . . . . . . 2 . 1 Liberate 1 | . . . . . . . . . . . . . . . . . . . . . 1 . . Fabnet 6 | . . . . . . . 3 . . . . 1 . . . . . . . . 1 . 1 Repair Stations . | . . . . . . . . . . . . . . . . . . . . . . . . Recycling Units 1 | . . . 1 . . . . . . . . . . . . . . . . . . . . Reject 1 | . . . 1 . . . . . . . . . . . . . . . . . . . . Scanalyzers . | . . . . . . . . . . . . . . . . . . . . . . . . Garrison Access . | . . . . . . . . . . . . . . . . . . . . . . . . Data Cores Recovered . | . . . . . . . . . . . . . . . . . . . . . . . . Used . | . . . . . . . . . . . . . . . . . . . . . . . . Hacking Detections 66 | . 5 . 2 1 9 8 4 . . . . 8 . 7 8 1 . 3 2 . 5 1 2 Full Trace Events 12 | . 1 . 1 . 2 1 2 . . . . 1 . 1 1 . . . . . . 1 1 Feedback Events . | . . . . . . . . . . . . . . . . . . . . . . . . Feedback Blocked . | . . . . . . . . . . . . . . . . . . . . . . . . Robot Schematics Acquired 3 | . . . . . . . . . . 3 . . . . . . . . . . . . . Robots Built . | . . . . . . . . . . . . . . . . . . . . . . . . Authchips . | . . . . . . . . . . . . . . . . . . . . . . . . Time . | . . . . . . . . . . . . . . . . . . . . . . . . Total Robot Build Rating . | . . . . . . . . . . . . . . . . . . . . . . . . Part Schematics Acquired 17 | . . . . . . . . . . 16 . . . . . . . . . . 1 . . Parts Built 1 | . . . . . . . . . . . . 1 . . . . . . . . . . . Authchips . | . . . . . . . . . . . . . . . . . . . . . . . . Time 111 | . . . . . . . . . . . . 42 . . . . . . . . . . 69 Total Part Build Rating 8 | . . . . . . . . . . . . 8 . . . . . . . . . . . Parts Repaired 9 | . . . 1 . 3 2 1 . . . . 1 . 1 . . . . . . . . . Time 341 | . . . 32 . 96 70 38 . . . . 44 . 61 . . . . . . . . . Parts Recycled . | . . . . . . . . . . . . . . . . . . . . . . . . Recycled Matter . | . . . . . . . . . . . . . . . . . . . . . . . . Retrieved Matter . | . . . . . . . . . . . . . . . . . . . . . . . . Retrieved Components . | . . . . . . . . . . . . . . . . . . . . . . . . Parts Scanalyzed . | . . . . . . . . . . . . . . . . . . . . . . . . Part Schematics Acquired . | . . . . . . . . . . . . . . . . . . . . . . . . Parts Damaged . | . . . . . . . . . . . . . . . . . . . . . . . . Bothacking | -11 -10 -10 -9 -9 -8 -8 -7 -7 -7 -7 -6 -6 -6 -6 -6 -6 -6 -6 -5 -4 -3 -3 -2 ------------ Run | Scr Mat Min Mat Min Mat Sto Fac Low Low Zio Pro Fac Was Fac Ext Cet Arc Hub Fac Fac Res Tes Res Used RIF Installer . | . . . . . . . . . . . . . . . . . . . . . . . . Robots Hacked 19 | . . . . . . . . . . . . 1 . 1 2 3 . 3 9 . . . . Non-combat . | . . . . . . . . . . . . . . . . . . . . . . . . Combat 19 | . . . . . . . . . . . . 1 . 1 2 3 . 3 9 . . . . Robot Hacks Applied . | . . . . . . . . . . . . . . . . . . . . . . . . Relay Couplers Released 3 | . . . . . . . . . . . . . . . . . . 2 1 . . . . Machine Destruction 3 | . . . . . . . . . . . . . . . . . . 2 1 . . . . Fabnet Peak Effective % 9 | . . . . . . . . . . . 9 9 9 9 9 9 9 9 6 1 . . 3 Autooverrided 19 | . . . . . . . . . . . . 1 . 1 2 3 . 3 9 . . . . Robots Rewired 17 | . . . . . . . . . . . 2 . . . 15 . . . . . . . . Allies Hacked 1 | . . . . . . . 1 . . . . . . . . . . . . . . . . Hacks Repelled . | . . . . . . . . . . . . . . . . . . . . . . . . Allies | -11 -10 -10 -9 -9 -8 -8 -7 -7 -7 -7 -6 -6 -6 -6 -6 -6 -6 -6 -5 -4 -3 -3 -2 -------- Run | Scr Mat Min Mat Min Mat Sto Fac Low Low Zio Pro Fac Was Fac Ext Cet Arc Hub Fac Fac Res Tes Res Total Allies 89 | . . 1 . . . 11 4 . . . 2 1 20 1 28 8 . 3 9 . . . 1 Largest Group 20 | . . 1 . . . 11 13 1 1 1 3 4 20 19 14 16 14 11 1 . . . 1 Highest-Rated Group 882 | . . 28 . . . 183 256 26 26 26 78 110 739 689 542 882 836 640 47 . . . 10 Highest-Rated Ally 159 | . . 28 . . . 29 31 26 26 26 32 32 50 46 159 159 146 96 47 . . . 10 Total Orders 23 | . . . . . . 4 4 2 2 . 4 2 . . . 2 2 1 . . . . . STAY 12 | . . . . . . 2 2 1 1 . 2 1 . . . 1 1 1 . . . . . FOLLOW 11 | . . . . . . 2 2 1 1 . 2 1 . . . 1 1 . . . . . . Ally Attacks 625 | . . 2 . . . 21 91 . . . 15 6 8 101 117 146 29 77 12 . . . . Total Damage 14656 | . . 40 . . . 246 1183 . . . 559 205 161 2359 2985 3424 822 2338 334 . . . . Kills 109 | . . 1 . . . 4 11 . . . 4 1 1 17 15 35 4 14 2 . . . . Allies Corrupted 2 | . . . . . . . . . . . . . . . 1 . . . 1 . . . . Allies Melted . | . . . . . . . . . . . . . . . . . . . . . . . . Intel | -11 -10 -10 -9 -9 -8 -8 -7 -7 -7 -7 -6 -6 -6 -6 -6 -6 -6 -6 -5 -4 -3 -3 -2 ------- Run | Scr Mat Min Mat Min Mat Sto Fac Low Low Zio Pro Fac Was Fac Ext Cet Arc Hub Fac Fac Res Tes Res Robot Analysis Total 9 | . . . . . 1 2 . . . . . 2 . 2 . . . . 1 . 1 . . Derelict Logs Recovered 7 | . . 1 . 1 . . . 2 . 1 2 . . . . . . . . . . . . Drone Launches . | . . . . . . . . . . . . . . . . . . . . . . . . Drone Recoveries . | . . . . . . . . . . . . . . . . . . . . . . . . Exploration | -11 -10 -10 -9 -9 -8 -8 -7 -7 -7 -7 -6 -6 -6 -6 -6 -6 -6 -6 -5 -4 -3 -3 -2 ------------- Run | Scr Mat Min Mat Min Mat Sto Fac Low Low Zio Pro Fac Was Fac Ext Cet Arc Hub Fac Fac Res Tes Res Turns Passed 27271 | 88 530 1229 1604 1385 2823 2387 2187 1382 909 1000 1415 1284 384 1006 1585 1191 755 1088 1633 15 236 852 303 Spaces Moved 15439 | 51 242 679 535 542 1163 978 1173 1025 737 918 1040 836 256 641 793 733 284 472 716 29 418 615 563 Core 688 | 17 . . . . . . . . . . . . . . . . . . 29 29 416 84 113 Treads 6499 | . 128 677 528 542 1163 872 712 10 . . . . . . . 340 284 472 687 . 2 82 . Legs 136 | . . . . . . . . . . . . . . . . . . . . . . 136 . Wheels 7353 | 34 114 2 7 . . 106 461 1015 737 918 1040 836 256 641 793 393 . . . . . . . Hover 86 | . . . . . . . . . . . . . . . . . . . . . . 86 . Flight 677 | . . . . . . . . . . . . . . . . . . . . . . 227 450 Fastest Speed 34 | 50 90 115 130 240 160 160 130 115 108 108 108 130 130 130 115 115 160 160 50 50 50 34 35 Average Speed 141 | 92 133 159 206 240 186 198 162 128 120 108 121 130 130 130 129 138 160 160 155 50 50 78 42 Slowest Speed 245 | 150 160 160 240 240 243 243 245 245 130 108 130 130 130 130 130 240 160 160 160 50 145 150 150 Overloaded Moves . | . . . . . . . . . . . . . . . . . . . . . . . . Propulsion Burnouts . | . . . . . . . . . . . . . . . . . . . . . . . . Robots Hopped 24 | . . . . . . . . . . 1 . . . . . . . . . . . 8 15 Cave-ins Triggered 1 | . . . . . . . . . . . . . . . . . . 1 . . . . . Exploration Rate (%) 59 | 4 44 99 55 90 93 91 28 96 78 78 95 24 96 17 64 86 97 57 29 1 14 57 30 Regions Visited 23 Branch Regions 12 Pre-discovered Areas 6 | . . 2 . 1 . 1 . . . 2 . . . . . . . . . . . . . Known Exits Taken 5 | . . . . . 1 . 1 . . . . . . 1 . . . 1 . . 1 . . Unknown Exits Taken 16 | 1 1 1 1 1 . 1 . 1 1 1 1 . . . 1 1 1 . 1 1 . 1 . Scrap Searched 15 | . . 2 . 1 . . . 4 3 2 3 . . . . . . . . . . . . Spaces Dug 250 | . . . . . . 19 5 11 . . . . . 4 11 . . 182 9 . . 5 4 Terrain Destroyed 869 | . . . . . . 37 5 25 29 . 148 21 . 25 32 3 12 246 271 . . 7 8 Melee 18 | . . . . . . 8 5 . . . . . . . . . . . . . . 5 . Projectile 166 | . . . . . . . . . . . . . . 4 18 3 12 73 46 . . 2 8 AOE 685 | . . . . . . 29 . 25 29 . 148 21 . 21 14 . . 173 225 . . . . Terrain Rammed . | . . . . . . . . . . . . . . . . . . . . . . . . Walls Destroyed . | . . . . . . . . . . . . . . . . . . . . . . . . Machines Disabled . | . . . . . . . . . . . . . . . . . . . . . . . . Actions | -11 -10 -10 -9 -9 -8 -8 -7 -7 -7 -7 -6 -6 -6 -6 -6 -6 -6 -6 -5 -4 -3 -3 -2 --------- Run | Scr Mat Min Mat Min Mat Sto Fac Low Low Zio Pro Fac Was Fac Ext Cet Arc Hub Fac Fac Res Tes Res Total 19149 | 71 354 770 914 610 1575 1333 1361 1062 747 924 1121 1006 293 768 1260 866 553 649 998 28 439 848 599 Wait 1790 | . 29 29 270 57 202 251 103 1 . . 2 105 24 81 182 40 217 48 49 . 15 58 27 Move 15370 | 50 241 678 534 541 1162 977 1172 1024 736 915 1039 836 255 640 792 732 283 470 715 28 417 599 534 Hop 22 | . . . . . . . . . . 1 . . . . . . . . . . . 7 14 Pick Up 134 | 4 11 5 13 1 13 7 7 3 1 2 5 12 2 1 . 13 4 14 10 . . 6 . Fast Attach 131 | 7 . 3 5 . 7 3 3 4 1 . 3 7 . 4 2 8 10 5 13 . 6 33 7 Attach 81 | . 2 4 3 . 8 1 2 3 . . 4 1 1 1 . 2 6 4 29 . . 8 2 Detach 31 | . 1 . . . 1 . 2 2 . . 1 . . . . 1 2 1 14 . . 5 1 Swap 166 | 1 7 2 10 . 27 16 9 5 3 3 14 11 . 4 8 9 7 13 16 . . 1 . Drop 180 | . 2 2 13 1 26 11 10 3 2 2 3 18 3 6 2 23 10 19 8 . . 12 4 Fire 879 | 9 57 40 59 6 115 44 45 17 4 . 37 14 8 31 66 38 13 73 139 . . 54 10 Melee 65 | . . . . . . 15 5 . . 1 2 2 . . . . . . . . . 40 . Ram 8 | . . . . . . . . . . . . . . . . . . . 1 . 1 6 . Kick 2 | . . . . . . . . . . . . . . . . . . . . . . 2 . Crush 52 | . 4 6 7 4 14 8 3 . . . . . . . . . 1 1 4 . . . . Escape Stasis 29 | . . . . . . . . . . . . . . . 11 . . 1 . . . 17 . Rewire 209 | . . 1 . . . . . . . . 11 . . . 197 . . . . . . . . Trap . | . . . . . . . . . . . . . . . . . . . . . . . . Miscellaneous . | . . . . . . . . . . . . . . . . . . . . . . . . Route ------- -11/Scrapyard -10/Materials (discovered 2 exits: [*Min x2]) -10/Mines (discovered 3 exits: *Mat x2 / [*Exi]) -9/Materials (discovered 4 exits: *Mat x3 / *Min) -9/Mines (discovered 2 exits: *Mat / [*Zio]) -8/Materials (discovered 4 exits: *Fac x2 / *Sto x2) -8/Storage (discovered 2 exits: *Fac / Rec) -7/Factory (discovered 3 exits: *Fac / *Low x2) -7/Lower Caves -7/Lower Caves (discovered 2 exits: *Fac / [*Zio]) -7/Zion -6/Proximity Caves -6/Factory (discovered 5 exits: *Fac x2 / *Low / Ext x2) -6/Waste -6/Factory (discovered 5 exits: *Fac / *Low x2 / *Ext x2) -6/Extension (discovered 2 exits: *Fac / *Cet) -6/Cetus (discovered 3 exits: *Fac x2 / [*Arc]) -6/Archives (discovered 3 exits: *Fac / *Hub x2) -6/Hub_04(d) (discovered 2 exits: *Fac x2) -5/Factory -4/Factory -3/Research (discovered 2 exits: *Tes x2) -3/Testing -2/Research (discovered 5 exits: *Acc x3 / Qua x2) History --------- Turn | Location | Event 9 | -11/Scrapyard | Discovered new exit (range 15) 89 | -11/Scrapyard | Entered Materials 89 | -10/Materials | Discovered new exit (range 9) 258 | -10/Materials | Discovered new exit (range 16) 309 | -10/Materials | Build established: Mutant 395 | -10/Materials | Core integrity fell below 50% 619 | -10/Materials | Entered Mines 620 | -10/Mines | Assembled infested the area 633 | -10/Mines | Met 8R-AWN 639 | -10/Mines | Met a Derelict bent on vengeance 681 | -10/Mines | Lost 3 parts (1p2n) 774 | -10/Mines | Discovered new exit (range 11) 776 | -10/Mines | Discovered new exit (range 7) 783 | -10/Mines | Received a Rocket Launcher from a helpful Derelict 878 | -10/Mines | Discovered new exit (range 5) 1168 | -10/Mines | Lost 3 parts (1p1u1w) 1175 | -10/Mines | Learned location of Zion (-7) 1386 | -10/Mines | Escorted by a lone wolf Derelict 1406 | -10/Mines | Learned location of Storage (-8) 1557 | -10/Mines | Core integrity fell below 20% 1848 | -10/Mines | Entered Materials 1848 | -9/Materials | Evolved 2 slots: Utility x1, Weapon x1 2332 | -9/Materials | Discovered new exit (range 16) 2410 | -9/Materials | Build established: Scavenger-Gunner 2744 | -9/Materials | Build established: Gunner 2750 | -9/Materials | Repaired Med. Armor Plating 2985 | -9/Materials | Discovered new exit (range 10) 3167 | -9/Materials | Discovered new exit (range 16) 3330 | -9/Materials | Discovered new exit (range 14) 3452 | -9/Materials | Entered Mines 3522 | -9/Mines | Found a hidden stash of uninstalled traps 3957 | -9/Mines | A Derelict revealed a hidden shortcut to a safe place 4218 | -9/Mines | A weapon hastily lodged in a ceiling crevice suddenly fell to the ground 4619 | -9/Mines | Discovered new exit (range 4) 4837 | -9/Mines | Entered Materials 4837 | -8/Materials | Evolved 2 slots: Propulsion x1, Utility x1 5149 | -8/Materials | Build established: Tank 5773 | -8/Materials | Discovered new exit (range 5) 6390 | -8/Materials | Build established: Scavenger-Tank 6693 | -8/Materials | Build established: Tank 6942 | -8/Materials | Repaired Imp. Treads 6975 | -8/Materials | Repaired Imp. Treads 7008 | -8/Materials | Repaired Imp. Treads 7143 | -8/Materials | Discovered new exit (range 16) 7200 | -8/Materials | Build established: Gunner 7368 | -8/Materials | Discovered new exit (range 11) 7381 | -8/Materials | Discovered new exit (range 6) 7592 | -8/Materials | Identified exit to Storage 7660 | -8/Materials | Entered Storage 7661 | -8/Storage | Identified exit to Recycling 8178 | -8/Storage | Discovered new exit (range 13) 8279 | -8/Storage | Central database locked down 8374 | -8/Storage | Found Prototype Processor 8374 | -8/Storage | Identified Exp. Targeting Computer 8377 | -8/Storage | Found Exp. Targeting Computer 8381 | -8/Storage | Found Exp. Targeting Computer 8384 | -8/Storage | Found Exp. Targeting Computer 8632 | -8/Storage | Repaired Imp. Treads 8671 | -8/Storage | Repaired Hrd. Medium Armor Plating 8831 | -8/Storage | Build established: Mutant 9031 | -8/Storage | Learned location of Armory (-4) 9211 | -8/Storage | Assisted by bots powering up and referring to "LRC-V3" 9655 | -8/Storage | Build established: Commander-Gunner 10047 | -8/Storage | Entered Factory 10047 | -7/Factory | Accompanied by 11 allies 10047 | -7/Factory | Evolved 2 slots: Propulsion x1, Utility x1 10648 | -7/Factory | Build established: Commander-Tank 10722 | -7/Factory | Repaired Arm. Treads 10764 | -7/Factory | Allied Derelicts emerged from ambush trap array 11121 | -7/Factory | Discovered new exit (range 8) 11591 | -7/Factory | Discovered new exit (range 3) 11619 | -7/Factory | Build established: Tank 12070 | -7/Factory | Garrison activated, responded to threat 12192 | -7/Factory | Identified exit to Lower Caves 12234 | -7/Factory | Entered Lower Caves 12234 | -7/Lower Caves | Accompanied by 1 ally 12294 | -7/Lower Caves | Attracted the attention of an 0b10 checkpoint 12530 | -7/Lower Caves | Lost 3 parts (1p2u) 12617 | -7/Lower Caves | Learned 12 Factory zone layouts 12800 | -7/Lower Caves | Build established: Gunner 12846 | -7/Lower Caves | Learned Factory terminal intel 12865 | -7/Lower Caves | Discovered new exit (range 11) 13318 | -7/Lower Caves | Build established: Tank 13616 | -7/Lower Caves | Entered another Lower Caves area 13616 | -7/Lower Caves | Accompanied by 1 ally 13779 | -7/Lower Caves | Discovered new exit (range 9) 13955 | -7/Lower Caves | Encountered a Warlord checkpoint 14132 | -7/Lower Caves | Discovered new exit (range 3) 14525 | -7/Lower Caves | Entered Zion 14525 | -7/Zion | Accompanied by 1 ally 14589 | -7/Zion | System corruption cleaned by Quarantine Array 14660 | -7/Zion | Discovered new exit (range 14) 14803 | -7/Zion | Given A8's code to call for help 14822 | -7/Zion | Learned location of Data Miner (-6) 14889 | -7/Zion | Found CR-A16's Pointy Stick 15325 | -7/Zion | Learned Factory emergency access door positions 15525 | -7/Zion | Entered Proximity Caves 15525 | -6/Proximity Caves | Accompanied by 1 ally 15681 | -6/Proximity Caves | Attracted the attention of an 0b10 outpost 15777 | -6/Proximity Caves | Destroyed 11 combat bots 15897 | -6/Proximity Caves | Spotted B-75 Beast 15912 | -6/Proximity Caves | Allies destroyed B-75 Beast 16051 | -6/Proximity Caves | Learned 4 Factory zone layouts 16358 | -6/Proximity Caves | Learned location of 1 exit from Factory 16363 | -6/Proximity Caves | Discovered new exit (range 15) 16940 | -6/Proximity Caves | Entered Factory 16940 | -6/Factory | Accompanied by 3 allies 16940 | -6/Factory | Evolved 2 slots: Utility x2 16941 | -6/Factory | Identified exit to Extension 16942 | -6/Factory | Identified exit to Factory 16944 | -6/Factory | Loaded intel: 28 terminal locations 17031 | -6/Factory | Discovered new exit (range 16) 17294 | -6/Factory | Discovered exit to Factory (range 2) 17588 | -6/Factory | Spotted B-75 Beast 17693 | -6/Factory | Revealed the true nature of CR-A16's Pointy Stick 17696 | -6/Factory | Destroyed B-75 Beast 17850 | -6/Factory | Fabricated Nova Cannon (x1) 17994 | -6/Factory | Repaired Hvy. Missile Launcher 18224 | -6/Factory | Sucked down chute 18224 | -6/Factory | Entered Waste 18225 | -6/Waste | Joined by Warlord forces that had cleared the area 18270 | -6/Waste | Found Damper Plating 18493 | -6/Waste | Discovered new exit (range 12) 18580 | -6/Waste | A Compactor rumbled back to life 18580 | -6/Waste | Spotted C-40 Crusher 18582 | -6/Waste | Allies destroyed C-40 Crusher 18608 | -6/Waste | Entered Factory 18608 | -6/Factory | Accompanied by 19 allies 18926 | -6/Factory | Discovered new exit (range 14) 19001 | -6/Factory | Discovered exit to Factory (range 11) 19172 | -6/Factory | P-60 Hacker assimilated allied PB-F22(g) 19307 | -6/Factory | Identified exit to Lower Caves 19520 | -6/Factory | Repaired Broken Arm. Huge Wheel 19614 | -6/Factory | Entered Extension 19614 | -6/Extension | Accompanied by 1 ally 20190 | -6/Extension | Rescued A7 20206 | -6/Extension | Rescued a captive Derelict 20207 | -6/Extension | Rescued a captive Derelict 20235 | -6/Extension | Rescued a captive Derelict 20236 | -6/Extension | Rescued a captive Derelict 20364 | -6/Extension | Rescued a captive Derelict 21061 | -6/Extension | Rescued a captive Derelict 21061 | -6/Extension | Rescued a captive Derelict 21078 | -6/Extension | Rescued a captive Derelict 21089 | -6/Extension | Rescued a captive Derelict 21090 | -6/Extension | Rescued a captive Derelict 21174 | -6/Extension | Discovered exit to Factory (range 10) 21175 | -6/Extension | Discovered new exit (range 6) 21199 | -6/Extension | Entered Cetus 21199 | -6/Cetus | Accompanied by 12 allies (A7) 21204 | -6/Cetus | Acquired a Cetus Manufacturing Module code from A7 21219 | -6/Cetus | Spotted Cetus Guard 21219 | -6/Cetus | Spotted Cetus Guard 21221 | -6/Cetus | Allies destroyed Cetus Guard 21222 | -6/Cetus | Spotted Cetus Guard 21226 | -6/Cetus | Spotted Cetus Guard 21228 | -6/Cetus | Destroyed Cetus Guard 21238 | -6/Cetus | Destroyed Cetus Guard 21246 | -6/Cetus | Allies destroyed Cetus Guard 21360 | -6/Cetus | Discovered exit to Factory (range 15) 21453 | -6/Cetus | Discovered new exit (range 15) 21527 | -6/Cetus | Spotted Cetus Guard 21527 | -6/Cetus | Spotted Cetus Guard 21532 | -6/Cetus | Allies destroyed Cetus Guard 21532 | -6/Cetus | Spotted Cetus Guard 21537 | -6/Cetus | Spotted Cetus Guard 21540 | -6/Cetus | Allies destroyed Cetus Guard 21544 | -6/Cetus | Allies destroyed Cetus Guard 21546 | -6/Cetus | Allies destroyed Cetus Guard 21555 | -6/Cetus | Discovered exit to Factory (range 15) 21562 | -6/Cetus | Met Revision 17 21642 | -6/Cetus | Started Cetus Manufacturing Module 21654 | -6/Cetus | Escorted A7 to Cetus Mainframe 21667 | -6/Cetus | Manufactured an Enhanced Grunt 21692 | -6/Cetus | Manufactured an Enhanced Grunt 21717 | -6/Cetus | Manufactured an Enhanced Grunt 21742 | -6/Cetus | Manufactured an Enhanced Grunt 21767 | -6/Cetus | Manufactured an Enhanced Grunt 22049 | -6/Cetus | System corruption reached 10% 22131 | -6/Cetus | Build established: Commander-Tank 22390 | -6/Cetus | Entered Archives 22390 | -6/Archives | Accompanied by 14 allies (A7) 22395 | -6/Archives | Received a hacking code to weaken MAIN.C 22557 | -6/Archives | Discovered exit to Factory (range 14) 22613 | -6/Archives | Discovered new exit (range 16) 22629 | -6/Archives | Discovered new exit (range 15) 22710 | -6/Archives | System corruption reached 30% 23145 | -6/Archives | Entered Hub_04(d) 23145 | -6/Hub_04(d) | Accompanied by 11 allies 23159 | -6/Hub_04(d) | Garrison activated, responded to threat 23177 | -6/Hub_04(d) | Discovered exit to Factory (range 14) 23302 | -6/Hub_04(d) | Spotted B-75 Beast 23426 | -6/Hub_04(d) | Crushed by falling debris 23490 | -6/Hub_04(d) | Build established: Scavenger-Tank 23812 | -6/Hub_04(d) | Network Hub disabled 23830 | -6/Hub_04(d) | Spotted Lightning 23833 | -6/Hub_04(d) | Spotted Lightning 23836 | -6/Hub_04(d) | Spotted Lightning 23867 | -6/Hub_04(d) | Destroyed Lightning 23870 | -6/Hub_04(d) | Destroyed Lightning 23874 | -6/Hub_04(d) | Destroyed Lightning 23889 | -6/Hub_04(d) | Found Prototype Device 23889 | -6/Hub_04(d) | Identified Exp. EM Disruption Field 23904 | -6/Hub_04(d) | Found Prototype Energy Cannon 23904 | -6/Hub_04(d) | Identified EMDS 24028 | -6/Hub_04(d) | Spotted Lightning 24028 | -6/Hub_04(d) | Spotted Lightning 24028 | -6/Hub_04(d) | Spotted Lightning 24036 | -6/Hub_04(d) | Discovered exit to Factory (range 8) 24052 | -6/Hub_04(d) | Destroyed Lightning 24061 | -6/Hub_04(d) | Build established: Commander-Gunner 24065 | -6/Hub_04(d) | Destroyed Lightning 24071 | -6/Hub_04(d) | Destroyed Lightning 24092 | -6/Hub_04(d) | Found Prototype Device 24093 | -6/Hub_04(d) | Identified Exp. Phase Shifter 24100 | -6/Hub_04(d) | Found Exp. EM Disruption Field 24114 | -6/Hub_04(d) | Found EMDS 24129 | -6/Hub_04(d) | Found Exp. Targeting Computer 24132 | -6/Hub_04(d) | Found Exp. Targeting Computer 24174 | -6/Hub_04(d) | Found Unknown Protection 24174 | -6/Hub_04(d) | Identified Powered Armor 24184 | -6/Hub_04(d) | Found Powered Armor 24185 | -6/Hub_04(d) | Network Hub disabled 24195 | -6/Hub_04(d) | First assault squad dispatched 24233 | -6/Hub_04(d) | Entered Factory 24233 | -5/Factory | Evolved 2 slots: Utility x2 24533 | -5/Factory | First assault squad dispatched 24538 | -5/Factory | Build established: Scavenger-Tank 24782 | -5/Factory | Cargo convoy interrupted 24792 | -5/Factory | Destroyed 8 combat bots 24795 | -5/Factory | Garrison activated, responded to threat 24844 | -5/Factory | Lost 3 parts (1n2u) 24851 | -5/Factory | Garrison activated, responded to threat 24875 | -5/Factory | Destroyed 11 combat bots 24939 | -5/Factory | Found Prototype Launcher 24939 | -5/Factory | Identified Ragnarok Missile Launcher 24942 | -5/Factory | Found Ragnarok Missile Launcher 24964 | -5/Factory | Found Prototype Processor 24964 | -5/Factory | Identified Exp. Terrain Scan Processor 25108 | -5/Factory | Destroyed 8 combat bots 25372 | -5/Factory | High security lockdown imminent 25396 | -5/Factory | Assembled infested ambush trap array 25452 | -5/Factory | High security lockdown engaged 25632 | -5/Factory | Destroyed 14 combat bots 25661 | -5/Factory | Build established: Scavenger-Mutant 25667 | -5/Factory | Destroyed 8 combat bots 25749 | -5/Factory | Lost 4 parts (1n1u2w) 25810 | -5/Factory | Destroyed 8 combat bots 25839 | -5/Factory | Released all parts (10) 25842 | -5/Factory | Discovered new exit (range 16) 25844 | -5/Factory | Core integrity fell below 50% 25855 | -5/Factory | Destroyed 7 combat bots 25859 | -5/Factory | Core integrity fell below 20% 25861 | -5/Factory | Lost 4 parts (1p2u1w) 25866 | -5/Factory | Entered another Factory area 25866 | -4/Factory | Evolved 2 slots: Utility x2 25874 | -4/Factory | Discovered new exit (range 11) 25881 | -4/Factory | Entered Research 25881 | -3/Research | Evolved 2 slots: Utility x2 26006 | -3/Research | Identified exit to Testing 26117 | -3/Research | Entered Testing 26139 | -3/Testing | Found Prototype Energy Gun 26140 | -3/Testing | Identified Warp Gun 26211 | -3/Testing | Build established: Hacker-Mutant 26367 | -3/Testing | First assault squad dispatched 26397 | -3/Testing | Found Prototype Hackware 26397 | -3/Testing | Identified System Mapper 26428 | -3/Testing | Spotted Striker 26428 | -3/Testing | Spotted Striker 26486 | -3/Testing | Lost 4 parts (1n2u1w) 26745 | -3/Testing | Core integrity fell below 50% 26797 | -3/Testing | Lost 6 parts (1p2n1u2w) 26917 | -3/Testing | Found Prototype Device 26917 | -3/Testing | Identified Adv. EM Disruption Field 26919 | -3/Testing | Found Adv. EM Disruption Field 26925 | -3/Testing | Core integrity fell below 20% 26927 | -3/Testing | System corruption reached 10% 26951 | -3/Testing | Lost 5 parts (1p2u2w) 26963 | -3/Testing | Discovered new exit (range 15) 26969 | -3/Testing | Entered Research 26969 | -2/Research | Evolved 2 slots: Propulsion x2 27041 | -2/Research | Lost 3 parts (2n1u) 27117 | -2/Research | Core integrity fell below 50% 27189 | -2/Research | Identified exit to Quarantine 27189 | -2/Research | Identified exit to Access 27251 | -2/Research | Core integrity fell below 20% 27255 | -2/Research | Search patrols dispatched 27272 | -2/Research | Destroyed by Y-72 Warden with Quantum Rifle Last Messages --------------- Investigation squad. 27236_ Penetrated by Slug. 27236_ Slug penetrates K-01 Serf. 27239_ Penetrated by Slug. 27239_ Slug penetrates Wall. 27244_ W-44 Eye sends out distress signal. 27247_ Arm. Huge Wheel destroyed. 27247_ Door malfunctions. 27252_ System corrupted: Matter fused (-8). 27255_ ALERT: Heightened foreign activity detected, multiple search patrols dispatched. 27269_ Door malfunctions. 27269_ Penetrated by Slug. 27269_ Slug penetrates P-80 Master. 27270_ Imp. Q-thruster destroyed. 27270_ Penetrated by Slug. 27270_ Slug penetrates K-01 Serf. 27270_ K-01 Serf suffers critical hit (Destroy). 27270_ K-01 Serf destroyed. 27271_ Penetrated by Slug. Map ----- +----------------------------------------------------+ | | | | | | | | | | | ?????????????????????????????????????????????????? | | ?????????????????????????????????????????????????? | | ?????????????????????????????????????????????????? | | ?????????????????????????????????????????????????? | | ???????????????####??????????????????????????????? | | ??????????????# ??????????????????????????????? | | ??????????????# ??????????????????????????????? | | ??????????????# ??????????????????????????????? | | ??????????????# ??????????????????????????????? | | ??????????????# ??#???????????????????????????? | | ??????????????# ? #???????????????????????????? | | ??????????????# "" #???????????????????????????? | | ??????????????# "" #???????????????????????????? | | ??????????????# Y" #???????????????????????????? | | ??????????????# "" #???????????????????????????? | | ??????????????# "" #???????????????????????????? | | ??????????????# ##########??????????????????? | | ??????????????# ## ###+####???????????? | | +####+#########/####### #???????????? | | #???????????? | | p Y @< #???????????? | | p % h#???????????? | | #####+####### ######+##* h #???????????? | | ????# ????# #??? ## ## #???????????? | | ##### ??# #? ##########??? #???????????? | | + # # #??????????????? ??????????? | | ##### # #] [ #???????????????????????????? | | ##### # # #???????????????????????????? | | # # + = #???????????????????????????? | | # # ##+#####???????????????????????????? | | # !!= # ???????????????????????????????????? | | ! # !! # ???????????????????????????????????? | | # != # ???????????????????????????????????? | | # # ???????????????????????????????????? | | ############# ???????????????????????????????????? | | ????????????? ???????????????????????????????????? | | ?????????????????????????????????????????????????? | | ?????????????????????????????????????????????????? | | ?????????????????????????????????????????????????? | | ###+##???????????????????????????????????????????? | | ????????????????????????????????????????? | | ##???????????????????????????????????????????? | | #????????????????????????????????????????????? | | #????????????????????????????????????????????? | | #????????????????????????????????????????????? | +----------------------------------------------------+ Best States ------------- Heat Dissipation 84 Energy Generation 29 Energy Capacity 1970 Matter Stores 300 Matter Capacity 300 Sight Range 16 Robot Scan Range 15 Terrain Scan Density 1010 Power Amplification 40 Armor Coverage 4800 Resistance: KI 30 Resistance: TH 15 Resistance: EM 90 Propulsion Shielding 33 Weapon Shielding 66 Phase Shifting 20 Evasion (%) 63 Targeting Accuracy 24 Melee Accuracy 16 Armor Integrity Analysis 30 Recoil Reduction 4 Salvage Targeting 4 Offensive Hacking 44 Authchip Count 1 Item Schematics ----------------- Adv. Melee Analysis Suite | -7/Zion | Archive Imp. Field Recycling Unit | -7/Zion | Archive Coolant Injector | -7/Zion | Archive Adv. Terrain Scanner | -7/Zion | Archive Arm. Medium Treads | -7/Zion | Archive Imp. EM Pulse Cannon | -7/Zion | Archive Power Amplifier | -7/Zion | Archive Mak. Sword | -7/Zion | Archive Imp. System Restoration Module | -7/Zion | Archive Mak. Armor Plating | -7/Zion | Archive Hvy. Flak Cannon | -7/Zion | Archive Xenon Bombardment Thruster | -7/Zion | Archive 0b10 Decoder Chip [Scout] | -7/Zion | Archive Arm. Huge Wheel | -7/Zion | Archive Imp. Plasma Cutter | -7/Zion | Archive Lrn. Phase Cannon | -7/Zion | Archive Enh. Nova Cannon | -3/Research | Hacked Robot Schematics ------------------ A-02 Transporter | -7/Zion | Archive Y-54 Guardian | -7/Zion | Archive K-01 Serf | -7/Zion | Archive Fabricated ------------ Nova Cannon | x1 | -6/Factory | Preloaded Alien Tech Used ----------------- None Achievements -------------- Gun Specialist Challenges ------------ None Game ------ Seed TargetingBoreThrower Manual? 0 Play Time 05:00:51 Cumulative 557.2 hours Start 2022.06.14 @ 15:39:03 End 2022.06.19 @ 16:48:24 Sessions 9 Manual Loads 0 Difficulty Rogue Special Mode None Game No. 183 Rogue 179 Adventurer 4 Explorer 0 Win Type - Total 13 Types 6/2/3/0/0/0/1/1/0 Lore% 84 Gallery% 86 Achievement% 74 Wizard Run 0 Options --------- ASCII 1 Keyboard 0 Movement Arrows Keybinds 0 Fullscreen 1 Font 18/SmallcapsGlow Map View 76x50 Tactical HUD 1 Map Filters NONE Filters NONE Steam 1 RUN: 51de8698-3239-4de4-a7ad-40066a4d3008